 Dungeon Crawl Stone Soup version 0.28-a0-1594-ga885d4b3d6 (webtiles) character file.

Game seed: 13665576513957513727

15 psuckher the Stinger (level 2, -2/15 HPs)
             Began as a Tengu Venom Mage on Jan 20, 2022.
             Was a Follower of Ru.
             Slain by a kobold (4 damage)
             ... on level 2 of the Dungeon.
             The game lasted 00:05:29 (1118 turns).

psuckher the Stinger (Tengu Venom Mage)             Turns: 1118, Time: 00:05:30

Health: -2/15      AC:  3    Str:  8    XL:     2   Next: 50%
Magic:  6/6        EV: 11    Int: 15    God:    Ru [*.....]
Gold:   47         SH:  0    Dex: 14    Spells: 2/5 levels left

rFire   + . .      SeeInvis .   e - staff of fire
rCold   . . .      Faith    .   (no shield)
rNeg    . . .      Spirit   .   a - +0 robe
rPois   .          Reflect  .   (helmet restricted)
rElec   .          Harm     .   (no cloak)
rCorr   .          Rampage  .   b - +0 pair of gloves
Will    .....                   (boots unavailable)
Stlth   ++........              (no amulet)
HPRegen 0.05/turn               (no ring)
MPRegen 0.10/turn               (no ring)

@: no status effects
A: beak, talons 3, inability to train dodging
a: Renounce Religion


You were on level 2 of the Dungeon.
You worshipped Ru.
Ru was aware of your devotion.
You visited 1 branch of the dungeon, and saw 2 of its levels.

You collected 47 gold pieces.

Inventory:

Armour
 a - a +0 robe (worn)
 b - a +0 pair of gloves (worn)
Magical Staves
 e - a staff of fire (weapon)
Scrolls
 c - 2 scrolls of identify {unknown}
 d - a scroll of fear {unknown}
 f - a scroll of enchant weapon {unknown}
 h - a scroll of vulnerability {unknown}
Potions
 g - a potion of brilliance {unknown}
 i - a potion of invisibility {unknown}


   Skills:
 + Level 0.1 Fighting
 + Level 0.1 Staves
 + Level 2.0 Stealth
 + Level 0.4 Unarmed Combat
 + Level 2.1 Spellcasting
 + Level 0.8 Transmutations
 + Level 3.4 Poison Magic


You had 2 spell levels left.
You knew the following spells:

 Your Spells              Type           Power      Damage    Failure   Level
a - Sting                 Tmut/Pois      32%        1d4       9%          1
b - Poisonous Vapours     Pois/Air       12%        N/A       16%         2

Your spell library contained the following spells:

 Spells                   Type           Power      Damage    Failure   Level
 Apportation              Tloc           2%         N/A       22%         1
 Mephitic Cloud           Conj/Pois/Air  5%         N/A       38%         3
 Olgreb's Toxic Radiance  Pois           12%        N/A       45%         4
 Alistair's Intoxication  Tmut/Pois      5%         N/A       94%         5


Dungeon Overview and Level Annotations

Branches:
Dungeon (2/15)

Altars:
Ru


Innate Abilities, Weirdness & Mutations

You have a beak for a mouth.
You have claws for feet.
You cannot train Dodging skill.


Message History

Found a book of Debilitation.
A rat comes into view.
A kobold comes into view. It is wielding a +0 short sword.
The rat bites you but does no damage.
You hit the rat.
You kill the rat!
The kobold shouts!
You hear an angry hiss.
An adder comes into view.
The kobold hits you with a +0 short sword.
Things that are here:
a book of Debilitation; a rat corpse The kobold barely misses you.
The kobold barely misses you. The adder misses you.
The kobold hits you but does no damage. The adder bites you.
You hit the kobold.
The kobold is moderately wounded.
The kobold completely misses you. The adder bites you but does no damage.
The kobold is stunned by your conviction and fails to attack.
You closely miss the kobold. Your kick misses the kobold.
The kobold is moderately wounded.
The adder bites you but does no damage. The adder barely misses you.
The kobold completely misses you.
You barely miss the kobold.
The kobold is moderately wounded.
The adder closely misses you. The kobold hits you but does no damage.
You miss the kobold.
The kobold is moderately wounded.
The adder barely misses you.
The kobold hits you with a +0 short sword.
The adder bites you.
You closely miss the kobold.
The kobold is moderately wounded.
The adder bites you but does no damage. The kobold barely misses you.
The adder bites you.
* * * LOW HITPOINT WARNING * * *
You closely miss the kobold.
The kobold is moderately wounded.
The kobold hits you but does no damage. The adder bites you but does no damage.
The kobold hits you with a +0 short sword.
You die...

#.............................
#######.......................
##.#..#.#.......##......
#.#..#.#....... #..###.
#.#..#.#.###... #..###.
#.............. .....
#.#..#.#.####. ..###.
#.#...:#.#.... (.###
#.....@K...... ......
#.#..S........ ..##..
#.#..#.....##. ...... #
##.#...#.# #..... #.#.....#
...... ......... ...... .
...#.### #..#.# #..... ...#.#
#..#.## ......


You could see an adder and a kobold.

Vanquished Creatures
  A bat (D:1)
  2 goblins
  3 hobgoblins (D:1)
  2 quokkas
  3 ball pythons
  4 rats
15 creatures vanquished.

Notes
Turn   | Place    | Note
-------+----------+-------------------------------------------
     0 | D:1      | psuckher the Tengu Venom Mage began the quest for the Orb.
     0 | D:1      | Reached XP level 1. HP: 10/10 MP: 4/4
   200 | D:1      | Found a faded altar of an unknown god.
   207 | D:1      | Prayed at the altar of an unknown god.
   207 | D:1      | Became a worshipper of Ru the Awakened
   221 | D:1      | Gained mutation: You cannot train Dodging skill. [Ru
                  | sacrifice]
   221 | D:1      | Reached * piety under Ru
   312 | D:1      | Reached XP level 2. HP: 9/15 MP: 4/6
   369 | D:1      | Learned a level 2 spell: Poisonous Vapours
  1118 | D:2      | Slain by a kobold

Illustrated notes

Levels and vault maps discovered:
D:1:      minmay_arrival_open_corners, layout_basic,
          hellmonk_ecumenical_altar_inner_sanctum
D:2:      layout_basic, basic_altar, palyth_stone_intersect

Skill      XL: |  1 |
---------------+----+-----
Dodging        | 0 |  0.0
Fighting       | |  0.1
Staves         | |  0.1
Stealth        | |  2.0
Unarmed Combat | |  0.4
Spellcasting   | |  2.1
Transmutations | |  0.8
Poison Magic   | |  3.4

Action                   || total
-------------------------++-------
Melee: Unarmed           ||     8
       Kick              ||     5
       Staff             ||    21
       Peck              ||     1
 Cast: Sting             ||     8
Invok: Sacrifice Nimblen ||     1
  Use: Scroll            ||     1
Armor: Robe              ||    17
Dodge: Dodged            ||    24

Table legend: (Time is in decaauts)
 A = Elapsed time spent in this place.
 B = Non-inter-level travel time spent in this place.
 C = Inter-level travel time spent in this place.
 D = Time resting spent in this place.
 E = Time spent auto-exploring this place.
 F = Levels seen in this place.
 G = Mean time per level.
                   A        B        C        D        E       F      G
               +--------+--------+--------+--------+--------+-----+--------+
         Total |   1121 |    912 |    209 |      0 |      0 |   2 |  560.5 |
       Dungeon |   1121 |    912 |    209 |      0 |      0 |   2 |  560.5 |
               +--------+--------+--------+--------+--------+-----+--------+

Top non-repeatable levels by time:
     D:1: 609 daAuts
     D:2: 511 daAuts
